 Dungeon Crawl Stone Soup version 0.17.1-1-g73c8601 (webtiles) character file.

193 Glider the Insei (level 5, 0/25 HPs)
             Began as a Vine Stalker Transmuter on Jan 9, 2016.
             Killed from afar by Natasha (6 damage)
             ... with a wand of frost
             ... on level 3 of the Dungeon.
             The game lasted 00:08:27 (2089 turns).

Glider the Insei (Vine Stalker Transmuter)          Turns: 2089, Time: 00:08:27

Health: 0/25       AC:  2    Str: 12    XL:     5   Next: 72%
Magic:  0/9        EV: 20    Int: 14    God:
Gold:   210        SH:  0    Dex: 23    Spells: 3 memorised, 2 levels left

rFire  . . .     SeeInvis .       - Unarmed
rCold  . . .     Clarity  .     (armour currently unavailable)
rNeg   . . .     SustAt   .     (shield currently unavailable)
rPois  x         Gourm    .     (helmet currently unavailable)
rElec  .         Spirit   +     (cloak currently unavailable)
rCorr  .         Warding  .     (gloves currently unavailable)
rMut   .         Stasis   .     (boots currently unavailable)
MR     .....                    (no amulet)
Stlth  ++........               (no ring)
                                s - +3 ring of dexterity

@: spider-form, not resistant to hostile enchantments, unstealthy
A: (fangs 0), regeneration 1, magic shield, (antimagic bite), no device heal 3,
rot immunity
a: End Transformation


You were on level 3 of the Dungeon.
You were not hungry.
You were a venomous arachnid creature.
You visited 1 branch of the dungeon, and saw 3 of its levels.

You collected 210 gold pieces.

Inventory:

Missiles
 a - 72 arrows
Armour
 b - a +0 robe (melded)
 r - a +0 cloak (melded)
Jewellery
 s - a +3 ring of dexterity (left front leg)
Scrolls
 g - a scroll of enchant weapon {unknown}
 i - a scroll of remove curse {unknown}
 k - a scroll of blinking {unknown}
 m - 3 scrolls of identify {unknown}
 o - a scroll of recharging {unknown}
 p - 2 scrolls of magic mapping {unknown}
Potions
 e - 3 potions of mutation {unknown}
 h - a potion of brilliance {unknown}
 j - 2 potions of degeneration {unknown}
 l - a potion of cancellation {unknown}
 n - a potion of might {unknown}
 u - a potion of curing {unknown}
 v - a potion of flight {unknown}
Books
 c - a book of Changes

   Spells                             Type                      Level
   a - Beastly Appendage              Transmutation                1
   b - Sticks to Snakes               Transmutation                2
   c - Spider Form                    Transmutation/Poison         3
   d - Ice Form                       Ice/Transmutation            4
   e - Blade Hands                    Transmutation                5
Comestibles
 d - 2 bread rations
 q - 2 meat rations
 t - a slice of pizza


   Skills:
 - Level 1.0 Fighting
 - Level 2.1 Dodging
 - Level 4.0 Unarmed Combat
 - Level 2.1 Spellcasting
 * Level 4.0 Transmutations
 - Level 2.0 Poison Magic


You had 2 spell levels left.
You knew the following spells:

 Your Spells              Type           Power        Failure   Level  Hunger
a - Beastly Appendage     Trmt           ##....       14%         1    #......
b - Sticks to Snakes      Trmt           ##........   24%         2    ###....
c - Spider Form           Trmt/Pois      #.........   41%         3    ###....


Dungeon Overview and Level Annotations

Branches:
Dungeon (3/15)

Altars:
Gozag
The Shining One

Annotations:
D:3 Natasha


Innate Abilities, Weirdness & Mutations

((You have extremely sharp teeth.))
Your natural rate of healing is unusually fast.
When hurt, damage is shared between your health and your magic reserves.
((Your bite disrupts and absorbs the magic of your enemies.))
Potions and wands cannot restore your health.
You are immune to rotting.


Message History

You continue eating. x2
HP restored.
You start resting.
Magic restored.
Casting: Spider Form
Confirm with . or Enter, or press ? or * to list all spells.
You turn into a venomous arachnid creature.
Your +0 cloak melds into your body.
Your +0 robe melds into your body.
You climb downwards.
Level annotation: Natasha
There is a stone staircase leading up here.
Natasha zaps a wand.
The puff of frost hits you!
It is a wand of frost {zapped: 1}.
Natasha zaps a wand.
The puff of frost hits you!
Found a long glass wand.
Natasha casts a spell at you. The magic dart hits you!
* * * LOW HITPOINT WARNING * * *
Natasha zaps a wand.
The puff of frost hits you!
You die...

## ### ## ##.#
#/# #.##
#...........#
##.#.#.#.#.##
#.....h.....#
##.#.#.#.#.##
#.....s.....#
##.#.#.#.#.##
#...........#
..#.#.#.#.#.##
......[<.....#
..#.#.#.#.#.#.#
....).#........
.>... ####.....
..... .....


You could see Natasha.

Vanquished Creatures
  Ijyb (D:3)
  An orc wizard (D:3)
  A worker ant (D:3)
  Natasha (D:3)
  A gnoll (D:2)
  3 adders
  A worm (D:2)
  A giant gecko (D:3)
  2 orcs (D:3)
  9 bats
  A giant cockroach (D:3)
  3 goblins
  4 hobgoblins
  2 quokkas (D:2)
  A ball python (D:3)
  4 giant newts (D:2)
  7 kobolds
  8 rats
51 creatures vanquished.

Notes
Turn   | Place    | Note
--------------------------------------------------------------
     0 | D:1      | Glider the Vine Stalker Transmuter began the quest for the Orb.
     0 | D:1      | Reached XP level 1. HP: 9/9 MP: 4/4
    46 | D:1      | Reached skill level 1 in Fighting
   232 | D:1      | Reached XP level 2. HP: 9/14 MP: 6/6
   742 | D:2      | Found a glowing golden altar of the Shining One.
   850 | D:2      | Reached XP level 3. HP: 10/18 MP: 3/7
   966 | D:2      | Found an opulent altar of Gozag.
  1147 | D:2      | Learned a level 2 spell: Sticks to Snakes
  1151 | D:2      | Learned a level 3 spell: Spider Form
  1235 | D:2      | Reached skill level 4 in Unarmed Combat
  1708 | D:3      | Reached skill level 1 in Poison Magic
  1708 | D:3      | Reached XP level 4. HP: 13/22 MP: 6/8
  1795 | D:3      | Reached XP level 5. HP: 20/25 MP: 9/9
  1866 | D:3      | Noticed Natasha
  1869 | D:3      | Noticed a sky beast
  1874 | D:3      | Killed Natasha
  1937 | D:3      | Noticed Natasha
  1994 | D:3      | Noticed Ijyb
  2012 | D:3      | Killed Ijyb
  2089 | D:3      | Killed from afar by Natasha

Action                   |  1- 3 |  4- 6 || total
-------------------------+-------+-------++-------
Melee: Unarmed           |   143 |    62 ||   205
 Cast: Beastly Appendage |     5 |     3 ||     8
       Spider Form       |       |     5 ||     5
 Stab: Sleeping          |     1 |       ||     1
  Eat: Chunk             |     3 |     2 ||     5
